 Dungeon Crawl Stone Soup version 0.31.0-12-g77e489cdc1 (webtiles) character file.

Game seed: 1501376448222120081

21009 Jynx the Warrior (level 12, -13/119 (127) HPs)
             Began as a Minotaur Fighter on Feb 18, 2024.
             Was an Elder of Okawaru.
             Mangled by a death scarab (16 damage)
             ... in a Gauntlet.
             The game lasted 00:27:28 (13527 turns).

Jynx the Warrior (Minotaur Fighter)                Turns: 13527, Time: 00:27:28

HP:   -13/119 (127) AC: 21    Str: 28    XL:     12   Next: 50%
MP:   0/5           EV:  7    Int:  3    God:    Okawaru [****..]
Gold: 669           SH:  0    Dex: 21    Spells: 11/11 levels left

rFire   . . .        m - +5 mace of Gozag's Righteous Fury {antimagic, Int-2 Dex+7}
rCold   + . .        (no shield)
rNeg    . . .        a - +1 plate armour {rC+}
rPois   +            u - +0 hat
rElec   .            k - +2 cloak
rCorr   .            E - +1 pair of gloves {infuse}
SInv    .            D - +2 pair of boots
Will    .....        (no amulet) Stlth
                     M - ring of poison resistance
HPRegen 0.39/turn    B - +6 ring of strength
MPRegen 0.09/turn

%: no teleportation
@: mighty, finesse-ful, slowed, drained, very slow
A: horns 2, retaliatory headbutt
a: Renounce Religion, Heroism, Finesse


You were in a Gauntlet.
You worshipped Okawaru.
Okawaru was greatly pleased with you.
You visited 3 branches of the dungeon, and saw 14 of its levels.
You also visited: Gauntlet and Ice Cave.

You collected 984 gold pieces.
You spent 315 gold pieces at shops.

Inventory:

Hand Weapons
 m - the +5 mace of Gozag's Righteous Fury (weapon) {antimagic, Int-2 Dex+7}
   (You took it off a hobgoblin on level 3 of the Dungeon)

   Int-2:     It affects your intelligence (-2).
   Dex+7:     It affects your dexterity (+7).
 V - the +1 great sword of Dithmenos's Outrage {flame, ^Drain *Slow Fly rN++}
   (You found it in a Gauntlet)

   rN++:      It greatly protects you from negative energy.
   Fly:       It grants you flight.
   ^Drain:    It drains your maximum health when unequipped.
   *Slow:     It may slow you when you take damage.
Armour
 a - a +1 plate armour of cold resistance (worn)
 k - a +2 cloak (worn)
 u - a +0 hat (worn)
 D - a +2 pair of boots (worn)
 E - a +1 pair of gloves of infusion (worn)
Jewellery
 j - an amulet of guardian spirit
 t - a +5 ring of evasion
 B - a +6 ring of strength (right hand)
 I - a ring of willpower
 L - a ring of ice
 M - a ring of poison resistance (left hand)
 N - a +4 ring of protection
 T - an amulet of the acrobat
Wands
 q - a wand of polymorph (6)
 x - a wand of mindburst (17)
 A - a wand of iceblast (20)
 P - a wand of acid (9)
 Q - a wand of flame (7)
Scrolls
 b - 2 scrolls of summoning {unknown}
 c - 5 scrolls of vulnerability
 e - 3 scrolls of fog
 f - a scroll of acquirement {unknown}
 h - a scroll of brand weapon {unknown}
 l - 2 scrolls of revelation
 p - 6 scrolls of teleportation {unknown}
 s - 2 scrolls of enchant weapon {unknown}
 v - a scroll of immolation {unknown}
 w - a scroll of silence {unknown}
 y - 2 scrolls of poison {unknown}
 F - 3 scrolls of amnesia
 H - 5 scrolls of identify
 R - a scroll of fear {unknown}
Potions
 d - a potion of enlightenment
 g - 2 potions of mutation
 n - 2 potions of degeneration {unknown}
 o - 3 potions of resistance {unknown}
 r - 7 potions of curing {unknown}
 z - a potion of ambrosia {unknown}
 C - 3 potions of attraction {unknown}
 G - a potion of might
 J - a potion of brilliance {unknown}
 K - 3 potions of haste
 O - a potion of invisibility {unknown}
 S - a potion of berserk rage {unknown}
Miscellaneous
 i - a tin of tremorstones (2/2)
 U - a lightning rod (4/4)


   Skills:
 + Level 18.1 Fighting
 - Level 14.0 Maces & Flails
 + Level 4.6 Armour
 - Level 3.6 Shields
 + Level 8.2 Invocations


You had 11 spell levels left.
You didn't know any spells.
Your spell library contained the following spells:

 Spells                   Type           Power      Damage    Failure   Level
 Blink                    Tloc           0%         N/A       100%        2
 Cigotuvi's Dreadful Rot  Necr/Alch/Air  0%         N/A       100%        2
 Jinxbite                 Hex            0%         N/A       100%        2
 Lesser Beckoning         Tloc           0%         N/A       100%        2
 Momentum Strike          Conj/Tloc      0%         3d8       100%        2
 Dazzling Flash           Conj/Hex       0%         N/A       100%        3
 Gell's Gravitas          Tloc           0%         N/A       100%        3
 Mephitic Cloud           Conj/Alch/Air  0%         N/A       100%        3
 Ozocubu's Armour         Ice            0%         N/A       100%        3
 Teleport Other           Tloc           0%         N/A       100%        3
 Volatile Blastmotes      Fire/Tloc      0%         2d10      100%        3
 Dispel Undead            Necr           0%         3d6       100%        4
 Fulminant Prism          Conj/Alch      0%         3d5       100%        4
 Iskenderun's Mystic Bla  Conj/Tloc      0%         2d3       100%        4
 Passage of Golubria      Tloc           0%         N/A       100%        4
 Curse of Agony           Necr           0%         N/A       100%        5
 Metabolic Englaciation   Hex/Ice        0%         N/A       100%        5
 Silence                  Hex/Air        0%         N/A       100%        5
 Yara's Violent Unravell  Hex/Alch       0%         3d3       100%        5
 Dispersal                Tloc           0%         N/A       100%        6
 Enfeeble                 Hex            0%         N/A       100%        7
 Tukima's Dance           Hex            Unusable   N/A       N/A         3
 Martyr's Knell           Necr/Summ      Unusable   N/A       N/A         4
 Death Channel            Necr           Unusable   N/A       N/A         6
 Sculpt Simulacrum        Ice/Alch       Unusable   N/A       N/A         6

Dungeon Overview and Level Annotations

Branches:
Dungeon (9/15)             Temple (1/1) D:5            Lair (4/5) D:8
  Swamp (0/4) Lair:2        Snake (0/4) Lair:2        IceCv (visited)
Gauntlet (1/1)
  Slime: Lair:4-5       Orc: D:9-12

Altars:
Ashenzari
Cheibriados
Dithmenos
Elyvilon
Fedhas
Gozag
Hepliaklqana
Kikubaaqudgha
Nemelex Xobeh
Okawaru
Qazlal
Sif Muna
Uskayaw
Vehumet
Wu Jian
Yredelemnul
Zin
The Shining One

Shops:
D:4 [   D:5 (([[*

Annotations:
Lair:1 3 runed translucent doors, Ifiupik's ghost, journeyman AtBe Gauntlet 6 transporters


Innate Abilities, Weirdness & Mutations

You have a pair of horns on your head.
You reflexively headbutt those who attack you in melee.


Message History

The death scarab barely misses you. The spectral black mamba bites you.
You sock the spectral black mamba! You headbutt the spectral black mamba.
The spectral black mamba is almost destroyed.
You barely miss the death scarab.
You headbutt the death scarab, but do no damage.
The death scarab is heavily damaged.
The death scarab bites you!
The death scarab draws strength from your injuries!
The spectral black mamba bites you!
* * * LOW HITPOINT WARNING * * *
You feel drained. The spectral black mamba bites you.
* * * LOW HITPOINT WARNING * * *
You feel drained.
* * * LOW HITPOINT WARNING * * *
Okay, then.
Found a transporter.
The spectral black mamba attacks as it pursues you!
The spectral black mamba bites you.
* * * LOW HITPOINT WARNING * * *
You feel drained.
* * * LOW HITPOINT WARNING * * *
The spectral black mamba bites you but does no damage.
You feel very mighty all of a sudden.
The death scarab waves its antennae.
The death scarab bites you but does no damage. x2
The spectral black mamba bites you.
* * * LOW HITPOINT WARNING * * *
The spectral black mamba bites you!
* * * LOW HITPOINT WARNING * * *
The death scarab barely misses you.
The spectral black mamba bites you but does no damage.
The death scarab bites you but does no damage.
The death scarab bites you!
* * * LOW HITPOINT WARNING * * *
The death scarab draws strength from your injuries!
The spectral black mamba bites you but does no damage.
The death scarab completely misses you.
The spectral black mamba bites you but does no damage.
The death scarab bites you!
You die...

##≈....#©..8#...#..
#≈≈.#########...#≈≈
#≈.##.#.#.##..###≈
##.#.#.#.#.#.##
##≈.##.#.#.##.≈#
#≈≈.#.#Z#.#.#.≈≈
##≈.##Z#.#.##.≈#
##.#.#B#[#.#.##
#≈.##.#@#?##.≈
#≈≈.#########.≈≈
##≈....#©..8#.≈#
##..8.#...©#.##
#≈....#©..8#.≈#
#≈≈.#########.≈≈
##≈.###.Z.###.≈#
##.###...###.##


You could see a spectral black mamba, a spectral death yak, a death scarab and a
harpy simulacrum.

Vanquished Creatures
  An eleionoma (Lair:2)
  2 hydras
  A boulder beetle (Lair:2)
  Erica (D:8)
  A catoblepas (Lair:1)
  A death scarab (Gauntlet)
  A skyshark (Lair:3)
  An ugly thing (IceCv)
  4 black mambas
  3 ice statues (IceCv)
  8 komodo dragons
  Jeremiah (D:8)
  2 cane toads
  4 rime drakes
  A freezing wraith (IceCv)
  3 polar bears
  3 blink frogs (Lair:3)
  5 wyverns
  A spectral black mamba (Gauntlet)
  A dire elephant simulacrum (IceCv)
  4 yaks (Lair:4)
  2 basilisks (Lair:2)
  A wraith (D:5)
  A ynoxinul (Gauntlet)
  Edmund (D:5)
  A harpy simulacrum (IceCv)
  A hydra simulacrum (IceCv)
  3 swamp worms (Gauntlet)
  An acid dragon (D:8)
  3 nagas (Lair:2)
  5 water moccasins
  2 ice beasts
  4 orc warriors
  2 black bears
  4 ogres
  3 small abominations (Gauntlet)
  3 wolves (Lair:2)
  The ghost of lasso the Changeling, an amateur OpSh (D:3)
  2 centaurs
  2 kobold brigands
  3 phantoms
  8 bullfrogs
  A scorpion (D:7)
  A cane toad simulacrum (IceCv)
  A gnoll sergeant (D:6)
  8 wights
  6 killer bees (D:8)
  2 elephant simulacra (IceCv)
  A hound (D:5)
  3 bombardier beetles
  3 orc priests
  3 iron imps (Gauntlet)
  Ijyb (D:5)
  7 iguanas
  9 orc wizards
  2 wolf simulacra (IceCv)
  A polar bear simulacrum (IceCv)
  11 gnolls
  8 adders
  3 white imps
  4 ufetubi
  5 ribbon worms
  A dart slug (D:4)
  17 orcs
  4 endoplasms
  6 goblins
  9 hobgoblins
  3 jackals (D:3)
  4 quokkas
  6 ball pythons
  6 bats
  3 frilled lizards
  20 kobolds
  4 rats
265 creatures vanquished.

Notes
Turn   | Place    | Note
-------+----------+-------------------------------------------
     0 | D:1      | Jynx the Minotaur Fighter began the quest for the Orb.
     0 | D:1      | Reached XP level 1. HP: 19/19 MP: 0/0
   146 | D:1      | Reached skill level 4 in Fighting
   187 | D:1      | Reached XP level 2. HP: 27/27 MP: 1/1
   750 | D:2      | Reached XP level 3. HP: 28/34 MP: 2/2
   890 | D:2      | Found a faded altar of an unknown god.
   961 | D:2      | Reached skill level 5 in Fighting
  1129 | D:2      | Reached XP level 4. HP: 34/42 MP: 3/3
  1389 | D:2      | Found a white marble altar of Elyvilon.
  1448 | D:3      | Identified the +5 mace of Gozag's Righteous Fury
                  | {antimagic, Int-2 Dex+7}
  1552 | D:3      | Reached skill level 6 in Fighting
  1716 | D:3      | Reached XP level 5. HP: 48/50 MP: 1/4
  2291 | D:3      | Found a runed translucent gate.
  2292 | D:3      | Found a runed translucent gate.
  2293 | D:3      | Found a runed translucent gate.
  2293 | D:3      | Noticed lasso's ghost (amateur OpSh)
  2327 | D:3      | Killed lasso's ghost
  2328 | D:3      | Reached skill level 7 in Fighting
  2328 | D:3      | Reached XP level 6. HP: 50/60 MP: 1/5
  2335 | D:3      | Reached skill level 5 in Maces & Flails
  2582 | D:4      | Found Soqamorgh's Armour Boutique.
  2757 | D:4      | Reached skill level 8 in Fighting
  3071 | D:5      | Entered Level 5 of the Dungeon
  3071 | D:5      | Noticed Edmund
  3071 | D:5      | Found Cuasch's Antique Weapon Shoppe.
  3078 | D:5      | Killed Edmund
  3079 | D:5      | Reached XP level 7. HP: 37/69 MP: 2/6
  3296 | D:5      | Noticed Ijyb
  3303 | D:5      | Killed Ijyb
  3304 | D:5      | Reached skill level 9 in Fighting
  3364 | D:5      | Noticed a wraith
  3372 | D:5      | Killed a wraith
  3457 | D:5      | Found Ixarel's Assorted Antiques.
  3486 | D:5      | Reached XP level 8. HP: 25/79 MP: 2/7
  3683 | D:5      | Found a staircase to the Ecumenical Temple.
  3689 | D:5      | Reached skill level 10 in Fighting
  3719 | Temple   | Entered the Ecumenical Temple
  3744 | D:5      | Found Amoaxt's Armour Shoppe.
  3770 | D:5      | Found Zaits's Antique Armour Emporium.
  3782 | D:5      | Bought a pair of embroidered gloves for 150 gold pieces
  4400 | D:5      | Found Axau's Weapon Emporium.
  4579 | D:6      | Reached skill level 11 in Fighting
  4843 | D:6      | Reached XP level 9. HP: 82/90 MP: 0/8
  5125 | D:5      | Bought a +2 cloak for 165 gold pieces
  5235 | D:7      | You fall into a shaft and drop 2 floors!
  5277 | D:8      | Noticed a komodo dragon
  5289 | D:8      | Reached skill level 12 in Fighting
  5299 | D:8      | Killed a komodo dragon
  5300 | D:8      | Reached skill level 10 in Maces & Flails
  6383 | D:8      | Noticed Erica
  6391 | D:7      | Reached XP level 10. HP: 96/100 MP: 0/9
  6424 | D:8      | Reached skill level 13 in Fighting
  6434 | D:8      | Killed Erica
  6926 | D:8      | Noticed Jeremiah
  6969 | D:8      | Killed Jeremiah
  7272 | D:8      | Found a broken altar of Ashenzari.
  7272 | D:8      | Found an iron altar of Okawaru.
  7277 | D:8      | Became a worshipper of Warmaster Okawaru
  7374 | D:8      | Found a staircase to the Lair.
  7380 | Lair:1   | Entered Level 1 of the Lair of Beasts
  7556 | Lair:1   | Noticed a cane toad
  7565 | Lair:1   | Killed a cane toad
  7578 | Lair:1   | Found a runed translucent gate.
  7591 | Lair:1   | Found a runed translucent gate.
  7725 | Lair:1   | Found a runed translucent gate.
  7728 | Lair:1   | Noticed a black mamba
  7735 | Lair:1   | Killed a black mamba
  7735 | Lair:1   | Reached * piety under Okawaru
  7773 | Lair:1   | Noticed a catoblepas
  7786 | Lair:1   | Killed a catoblepas
  7787 | Lair:1   | Reached skill level 14 in Fighting
  8015 | Lair:1   | Noticed a black mamba
  8021 | Lair:1   | Reached ** piety under Okawaru
  8026 | Lair:1   | Killed a black mamba
  8218 | Lair:1   | Reached XP level 11. HP: 111/111 MP: 0/10
  8564 | Lair:1   | Noticed Ifiupik's ghost (journeyman AtBe)
  8616 | Lair:2   | Reached skill level 15 in Fighting
  8696 | Lair:2   | Found a frozen archway.
  8710 | IceCv    | Entered an ice cave
  9005 | IceCv    | Noticed a white ugly thing
  9021 | IceCv    | Killed a white ugly thing
  9182 | IceCv    | Reached skill level 1 in Invocations
  9647 | IceCv    | Reached *** piety under Okawaru
  9677 | IceCv    | Reached skill level 16 in Fighting
  9978 | Lair:2   | Found a staircase to the Swamp.
  9978 | Lair:2   | Noticed an eleionoma
 10021 | Lair:2   | Killed an eleionoma
 10149 | Lair:2   | Noticed an eight-headed hydra
 10156 | Lair:2   | Killed an eight-headed hydra
 10470 | Lair:2   | Noticed a boulder beetle
 10519 | Lair:2   | Killed a boulder beetle
 10520 | Lair:2   | Reached skill level 5 in Invocations
 11125 | Lair:2   | Reached **** piety under Okawaru
 11139 | Lair:2   | Reached skill level 17 in Fighting
 11356 | Lair:2   | Found a staircase to the Snake Pit.
 11754 | Lair:3   | Reached XP level 12. HP: 125/125 MP: 3/15
 12135 | Lair:3   | Noticed a seven-headed hydra
 12142 | Lair:3   | Killed a seven-headed hydra
 13035 | Lair:4   | Reached skill level 18 in Fighting
 13126 | Lair:4   | Found a gate leading to a gauntlet.
 13170 | Gauntlet | Entered a Gauntlet
 13170 | Gauntlet | Found a transporter.
 13178 | Gauntlet | Found a transporter.
 13235 | Gauntlet | Found a transporter.
 13235 | Gauntlet | Found a transporter.
 13239 | Gauntlet | Identified the +1 great sword of Dithmenos's Outrage
                  | {flame, ^Drain *Slow Fly rN++}
 13251 | Gauntlet | Found a transporter.
 13251 | Gauntlet | Found a transporter.
 13324 | Gauntlet | Found a transporter.
 13394 | Gauntlet | Found a transporter.
 13395 | Gauntlet | Found a transporter.
 13396 | Gauntlet | Found a transporter.
 13398 | Gauntlet | Noticed a death scarab
 13406 | Gauntlet | Noticed a death scarab
 13502 | Gauntlet | Found a transporter.
 13502 | Gauntlet | Found a transporter.
 13510 | Gauntlet | Killed a death scarab
 13524 | Gauntlet | Found a transporter.
 13526 | Gauntlet | HP: 2/119 [death scarab (17)]
 13527 | Gauntlet | Mangled by a death scarab

Illustrated notes

Levels and vault maps discovered:
D:1:      dpeg_arrival_stone_temple_mockup, layout_basic, minmay_tetromino_s4
D:2:      cheibrodos_old_hovel, layout_basic, basic_altar,
          shapermc_ecumenical_altar_venn, serial_bayou_ford_a,
          roderic_malta_cross
D:3:      layout_loops_ring, gammafunk_ghost_nasty_kobolds, minmay_box_of_dots
D:4:      layout_rooms, serial_shops, nicolae_lakefront_shop
D:5:      layout_cave_pods, minmay_temple_entry_proselytizer, serial_shops,
          nicolae_stop_n_shop_2, nicolae_shop_tiny_glass,
          nicolae_shop_statue_plus, nicolae_take_the_stairs, shop_statue,
          uniq_edmund, uniq_ijyb
D:6:      layout_cave_pools
D:7:      layout_basic
D:8:      layout_cave_pools, nicolae_overflow_two_pavilions, erik_lair_dragon,
          uniq_jeremiah, uniq_erica
D:9:      layout_loops_ring, enter_bailey_2, serial_library_hellmonk_metal_room
Temple:   nicolae_temple_bog_church
Lair:1:   layout_roguey, gammafunk_ghost_necromancy
Lair:2:   beast_lair_carwin_large_1, layout_chaotic_city,
          alex1729_swamp_entry_worm_eleionoma, nicolae_snake_entry_squirm,
          portal_ice_cave_rime
Lair:3:   layout_big_grid, grunt_megastairs_2
Lair:4:   layout_cave_shapes, slime_entry_1, gauntlet_entry_generic,
          lemuel_fruit_tree, grunt_megastairs_1, serial_bayou_shore_a
Gauntlet: gammafunk_gauntlet_77_escape_option [minmay_gauntlet_arena_77_braids,
          minmay_gauntlet_arena_77_radiant_squares,
          minmay_gauntlet_arena_77_double_cross,
          minmay_gauntlet_arena_77_checkered, minmay_gauntlet_arena_77_cramped,
          gauntlet_exit_watery]

Skill      XL: |  1  2  3  4  5  6  7  8  9 10 11 12 |
---------------+-------------------------------------+-----
Fighting       | 4 5 6 7 8 9 11 12 14 17 18 | 18.1
Maces & Flails | 3 4 5 6 9 11 14 | 14.0
Invocations    | 6 8 |  8.2
Armour         | 4 |  4.6
Shields        | |  3.6

Action                     |  1- 3 |  4- 6 |  7- 9 | 10-12 || total
---------------------------+-------+-------+-------+-------++-------
  Melee: Flail             |    70 |    25 |       |       ||    95
         Headbutt          |     6 |    15 |    58 |   135 ||   214
         Punch             |     2 |     1 |     3 |    14 ||    20
         Mace              |       |    62 |   194 |   553 ||   809
 Invoke: Heroism           |       |       |       |     8 ||     8
         Finesse           |       |       |       |     1 ||     1
    Use: Potion            |       |     1 |     1 |     4 ||     6
         Scroll            |       |       |    10 |       ||    10
 Armour: Scale mail        |    48 |    62 |   133 |   110 ||   353
         Plate armour      |       |       |       |   425 ||   425
  Dodge: Dodged            |    36 |    40 |   152 |   215 ||   443
